 Dungeon Crawl Stone Soup version 0.31.0-7-gf635a9b802 (webtiles) character file.

Game seed: 16802198939215112945

26917 Esekla the Destroyer (level 13, -12/70 HPs)
             Began as a Tengu Conjurer on Jan 23, 2024.
             Was a High Priest of Dithmenos.
             Mangled by a death yak (13 damage)
             ... on level 4 of the Lair of Beasts.
             The game lasted 01:52:59 (16050 turns).

Esekla the Destroyer (Tengu Conjurer)              Turns: 16050, Time: 01:53:00

Health: -12/70     AC: 13    Str:  8    XL:     13   Next: 29%
Magic:  29/29      EV: 20    Int: 23    God:    Dithmenos [*****.]
Gold:   356        SH:  0    Dex: 13    Spells: 19/34 levels left

rFire   . . .        a - +2 falchion
rCold   + . .        (no shield)
rNeg    . . .        Z - +2 leather armour {rC+}
rPois   .            (helmet restricted)
rElec   .            k - +0 cloak
rCorr   .            d - +2 pair of gloves
SInv    .            (boots unavailable)
Will    .....        h - amulet of regeneration
Stlth   +++++        y - +4 ring of protection
HPRegen 1.11/turn    Q - +4 ring of slaying
MPRegen 0.21/turn

%: acrobat
@: flying, wreathed by umbra
A: beak, talons 3, evasive flight, acrobatic
a: Renounce Religion, Shadow Step, Shadow Form


You were on level 4 of the Lair of Beasts.
You worshipped Dithmenos.
Dithmenos was extremely pleased with you.
You visited 3 branches of the dungeon, and saw 14 of its levels.
You also visited: Gauntlet.

You collected 782 gold pieces.
You spent 426 gold pieces at shops.

Inventory:

Hand Weapons
 a - a +2 falchion (weapon)
 r - a +1 spear of flaming
 s - a +1 dagger of venom
Missiles
 x - a boomerang
 A - 5 curare-tipped darts
 I - 4 javelins
 K - 9 poisoned darts (quivered)
 S - 5 silver javelins
Armour
 d - a +2 pair of gloves (worn)
 k - a +0 cloak (worn)
 P - the +1 cloak of the Kraken {-Tele rElec rC+ Will+ Slay+2}
   (You found it in a Gauntlet)

   Slay+2:    It affects your accuracy & damage with ranged weapons and melee
   (+2).
   rC+:       It protects you from cold.
   rElec:     It insulates you from electricity.
   Will+:     It increases your willpower.
   -Tele:     It prevents most forms of teleportation.
 T - the +2 shield of Resistance {rF++ rC++ Will++}
   (You took it off a minotaur in a Gauntlet)

   rF++:      It greatly protects you from fire.
   rC++:      It greatly protects you from cold.
   Will++:    It greatly increases your willpower.
 Z - a +2 leather armour of cold resistance (worn)
Jewellery
 h - an amulet of regeneration (around neck)
 y - a +4 ring of protection (left hand)
 E - a ring of fire
 O - a ring of protection from fire
 Q - a +4 ring of slaying (right hand)
 U - the ring of Amorality {Wiz rPois Dex+2}
   (You found it in a Gauntlet)

   [ring of wizardry]

   Wiz:       It improves your spell success rate.
   Dex+2:     It affects your dexterity (+2).
   rPois:     It protects you from poison
 V - the ring of Idiaseih {Ice Dex+2}
   (You found it in a Gauntlet)

   [ring of ice]

   Ice:       It enhances your ice magic.
   Dex+2:     It affects your dexterity (+2).
   rF-:       It makes you vulnerable to fire.
   rC+:       It protects you from cold.
Wands
 e - a wand of iceblast (19)
 o - a wand of mindburst (8)
 t - a wand of flame (55)
 M - a wand of acid (6)
Scrolls
 c - a scroll of butterflies {unknown}
 m - a scroll of brand weapon {unknown}
 n - a scroll of amnesia {unknown}
 p - 5 scrolls of teleportation
 B - a scroll of poison
 D - a scroll of enchant weapon
 F - a scroll of enchant armour {unknown}
 H - 2 scrolls of fog
 J - a scroll of noise {unknown}
 L - a scroll of silence {unknown}
 N - a scroll of revelation
 W - a scroll of identify
Potions
 b - a potion of magic
 f - 2 potions of brilliance
 g - 4 potions of curing
 i - a potion of haste
 l - a potion of mutation
 u - 4 potions of might
 v - 2 potions of lignification
 z - a potion of attraction
 G - 2 potions of heal wounds


   Skills:
 + Level 3.9 Fighting
 * Level 3.1(4.0) Short Blades
 * Level 3.6(4.2) Long Blades
 + Level 3.0 Throwing
 * Level 0.4 Armour
 * Level 11.0 Dodging
 + Level 7.0 Stealth
 * Level 0.7 Shields
 * Level 11.1 Spellcasting
 + Level 12.1 Conjurations
 - Level 5.2 Summonings
 + Level 5.3 Translocations
 * Level 7.9 Air Magic


You had 19 spell levels left.
You knew the following spells:

 Your Spells              Type           Power      Damage    Failure   Level
a - Magic Dart            Conj           100%       1d8       1%          1
e - Searing Ray           Conj           100%       2d8       1%          2
i - Iskenderun's Mystic   Conj/Tloc      52%        2d11      1%          4
k - Airstrike             Air            24%        2d(4-20)  2%          4
s - Summon Lightning Spi  Summ/Air       43%        N/A       4%          4

Your spell library contained the following spells:

 Spells                   Type           Power      Damage    Failure   Level
 Static Discharge         Conj/Air       100%       3-8/arc   1%          2
 Hailstorm                Conj/Ice       40%        3d9       1%          3
 Iskenderun's Battlesphe  Conj           62%        2d11      1%          5
 Fulminant Prism          Conj/Alch      20%        3d12      6%          4
 Summon Ice Beast         Ice/Summ       24%        N/A       8%          3
 Passage of Golubria      Tloc           37%        N/A       8%          4
 Tukima's Dance           Hex            12%        N/A       22%         3
 Animate Dead             Necr           12%        N/A       56%         4
 Bombard                  Conj/Erth      20%        9d4       65%         6
 Spellforged Servitor     Conj/Summ      26%        N/A       86%         7
 Alistair's Intoxication  Alch           8%         N/A       89%         5
 Borgnjor's Vile Clutch   Necr/Erth      6%         N/A       89%         5
 Yara's Violent Unravell  Hex/Alch       6%         3d5       89%         5
 Eringya's Noxious Bog    Alch           6%         4d6       100%        6
 Sculpt Simulacrum        Ice/Alch       6%         N/A       100%        6
 Haunt                    Necr/Summ      12%        N/A       100%        7
 Infestation              Necr           6%         N/A       100%        8


Dungeon Overview and Level Annotations

Branches:
Dungeon (9/15)             Temple (1/1) D:7            Lair (4/5) D:9
  Swamp (0/4) Lair:3       Spider (0/4) Lair:3          Orc (0/2) D:9
Gauntlet (visited)
  Slime: Lair:4-5

Altars:
Ashenzari
Cheibriados
Dithmenos
Elyvilon
Fedhas
Gozag
Hepliaklqana
Kikubaaqudgha
Makhleb
Nemelex Xobeh
Okawaru
Qazlal
Ru
Sif Muna
Trog
Uskayaw
Vehumet
Wu Jian
Xom
Yredelemnul
Zin
The Shining One

Shops:
D:1 *   D:5 (   D:8 ?

Annotations:
D:5 Edmund
Lair:1 1 runed translucent door, SuperJoe's ghost, novice DjMo
Lair:2 3 runed translucent doors, champdelmundo's ghost, journeyman GrEE


Innate Abilities, Weirdness & Mutations

You have a beak for a mouth.
You have claws for feet.
Your magical flight helps you evade attacks. (EV +4)
You can magically evade attacks while moving or waiting.


Message History

The death yak is heavily wounded.
Your lightning spire shoots out a bolt of lightning at the death yak!
The bolt of electricity hits the death yak!
Your +1 dagger of venom begins to drip with poison!
s - a +1 dagger of venom (weapon)
Your lightning spire shoots out a bolt of lightning at the death yak!
The bolt of electricity hits the death yak!
The bolt of electricity hits the death yak.
You barely miss the death yak. Your kick misses the death yak.
The death yak is severely wounded.
Your shadow hits the death yak but does no damage.
The death yak gores you but does no damage.
You barely miss the death yak. You claw the death yak.
The death yak is almost dead.
Your lightning spire shoots out a bolt of lightning at the death yak!
The bolt of electricity hits the death yak! x2
The death yak dies!
Dithmenos accepts your kill.
You start resting.
HP restored.
You start resting.
Your lightning spire disappears in a puff of smoke!
Magic restored.
There is a stone staircase leading down here.
Your +1 dagger of venom stops dripping with poison.
a - a +2 falchion (weapon)
You fly downwards.
The death yak bellows!
The dream sheep bleats!
The death yak bellows! x2
The dream sheep bleats!
You hear a bleat! x2
The dream sheep ruffle their wool and motes of dream dust sparkle, to no effect.
There is a stone staircase leading up, spattered with blood here.
The death yak barely misses you.
The dream sheep are wreathed in dream dust.
You feel drowsy...
You fall asleep.
You stop ascending the stairs.
The death yak gores you!!!
You wake up.
Ouch! That really hurt!
* * * LOW HITPOINT WARNING * * *
You emit a cloud of dark smoke.
The death yak gores you!
You die...

............".♣P....8.P...8.....*
................P.....Y8.P......,
............../.P......Y.......P,
......................PY,,,,,,*,,
...........[......Y.....,,,,,,*,,
............[...Y.......,,,,,,,,,
#......###.###...Y..P♣..,,*,,,,,,
#......#*#...#...Y..#.$.,,,*,,,,,
................@Y..#P..,,**,,,,,
...^...+....##.§.§......,,*,,,,,,
........#...........P...,,**,,,,,
#.......#...#...........,,*,,,,,,
........######......##.#*,*,,,,,,
........PP.##.......P#.#****,,,,,
........................,,,,,,,,,
.#.####.,#.#...P####.#.P**,****,*
#### *,**,*,,*** ***,***** ***


You could see 3 death yaks and 5 dream sheep.

Vanquished Creatures
  A minotaur (Gauntlet)
  A hydra (Lair:3)
  A two-headed ogre (D:9)
  A death yak (Lair:3)
  A glowing orange brain (Gauntlet)
  Pikel (D:7)
  2 ugly things (Gauntlet)
  3 cane toads
  A torpor snail (Lair:2)
  2 kobold demonologists (D:9)
  2 rime drakes
  6 komodo dragons
  A queen bee (Gauntlet)
  4 polar bears
  A troll (D:9)
  A tarantella (Lair:3)
  5 blink frogs
  A tyrant leech (Lair:3)
  A raiju (Gauntlet)
  9 dream sheep
  A culicivora (Lair:3)
  30 yaks
  A shadow (D:9)
  3 wyverns
  A basilisk (Lair:2)
  A steam dragon (Gauntlet)
  Menkaure (D:4)
  2 swamp worms (Lair:3)
  6 water moccasins
  2 orc warriors (D:9)
  2 sky beasts
  2 black bears
  7 ice beasts
  4 ogres
  9 wolves
  4 centaurs
  3 lemures (D:7)
  13 bullfrogs
  2 kobold brigands
  5 scorpions
  4 wights (D:6)
  4 killer bees (Gauntlet)
  7 howler monkeys
  5 electric eels
  3 gnoll boudas
  A bombardier beetle (D:6)
  3 hounds
  3 jellies
  An orc priest (D:3)
  A sleepcap (D:8)
  10 iguanas
  2 orc wizards
  8 gnolls
  8 adders
  2 ufetubi (D:7)
  A dart slug (D:3)
  3 ribbon worms
  22 orcs
  7 ball pythons
  2 bats
  3 endoplasms
  A giant cockroach (D:2)
  6 goblins
  4 hobgoblins
  4 jackals (D:5)
  7 quokkas
  4 frilled lizards
  14 kobolds
  3 rats
287 creatures vanquished.

Vanquished Creatures (collateral kills)
  A death yak (Lair:3)
  A lindwurm (Lair:4)
  2 black mambas
  3 blink frogs
  3 yaks
  A wyvern (Lair:1)
  A water moccasin (Lair:2)
  A bullfrog (Lair:4)
13 creatures vanquished.

Grand Total: 300 creatures vanquished

Notes
Turn   | Place    | Note
-------+----------+-------------------------------------------
     0 | D:1      | Esekla the Tengu Conjurer began the quest for the Orb.
     0 | D:1      | Reached XP level 1. HP: 10/10 MP: 4/4
   308 | D:1      | Found a faded altar of an unknown god.
   311 | D:1      | Prayed at the altar of an unknown god.
   311 | D:1      | Became a worshipper of Dithmenos the Shadowed
   311 | D:1      | Reached * piety under Dithmenos
   444 | D:2      | Reached XP level 2. HP: 15/15 MP: 4/6
   447 | D:2      | Learned a level 2 spell: Searing Ray
   510 | D:2      | You fall into a shaft and drop 2 floors!
   599 | D:5      | Entered Level 5 of the Dungeon
   665 | D:5      | Reached skill level 6 in Conjurations
   665 | D:5      | Reached XP level 3. HP: 14/19 MP: 3/7
   733 | D:5      | Noticed Edmund
   737 | D:5      | Noticed a scorpion
   739 | D:4      | Noticed an ogre
   743 | D:4      | Killed an ogre
   744 | D:4      | Reached XP level 4. HP: 24/24 MP: 2/9
   744 | D:4      | Reached XP level 5. HP: 28/28 MP: 2/10
   946 | D:4      | Reached skill level 7 in Conjurations
  1041 | D:4      | Noticed Menkaure
  1049 | D:4      | Killed Menkaure
  1050 | D:4      | Reached skill level 1 in Translocations
  1050 | D:4      | Reached XP level 6. HP: 19/32 MP: 4/11
  1243 | D:5      | Found Sadd's Antique Weapon Emporium.
  1271 | D:5      | Reached skill level 8 in Conjurations
  1298 | D:5      | Learned a level 4 spell: Iskenderun's Mystic Blast
  1383 | D:5      | Gained mutation: Your magical flight helps you evade
                  | attacks. (EV +4) [Tengu growth]
  1383 | D:5      | Reached XP level 7. HP: 36/36 MP: 7/13
  2217 | D:4      | Reached ** piety under Dithmenos
  2415 | D:4      | Reached XP level 8. HP: 41/41 MP: 9/15
  2647 | D:5      | Reached skill level 1 in Fighting
  2732 | D:5      | Reached skill level 9 in Conjurations
  3236 | D:7      | Noticed a komodo dragon
  3270 | D:7      | Identified the +5 sling "Jiulinwa" {heavy, Will+}
  3275 | D:7      | Found a staircase to the Ecumenical Temple.
  3282 | Temple   | Entered the Ecumenical Temple
  3357 | D:6      | Reached skill level 5 in Spellcasting
  3441 | D:5      | Reached skill level 5 in Dodging
  3815 | D:6      | Found a shimmering blue altar of Sif Muna.
  3883 | D:6      | Reached XP level 9. HP: 47/47 MP: 7/18
  4052 | D:6      | Found a burning altar of Makhleb.
  4435 | D:7      | Noticed Pikel
  4444 | D:7      | Killed Pikel
  4732 | D:5      | Bought a steaming rapier for 234 gold pieces
  4732 | D:5      | Identified the +1 rapier of the World {drain, rF+} (You
                  | bought it in a shop on level 5 of the Dungeon)
  5026 | D:3      | Reached *** piety under Dithmenos
  5972 | D:1      | Found Dimnuem's General Store.
  5990 | D:1      | Bought a potion of heal wounds for 55 gold pieces
  5990 | D:1      | Bought a potion of curing for 33 gold pieces
  6494 | D:7      | Killed a komodo dragon
  6495 | D:7      | Reached skill level 10 in Conjurations
  6698 | D:8      | Reached XP level 10. HP: 52/52 MP: 14/21
  6699 | D:8      | Reached skill level 1 in Long Blades
  6702 | D:8      | Reached skill level 1 in Short Blades
  6713 | D:8      | Reached skill level 5 in Stealth
  7081 | D:8      | Found Hafeos's Magic Scroll Boutique.
  7089 | D:8      | Bought a scroll of fear for 52 gold pieces
  7538 | D:9      | Reached skill level 1 in Air Magic
  7645 | D:9      | Found a staircase to the Lair.
  7756 | D:9      | Learned a level 4 spell: Airstrike
  7889 | D:9      | Found a staircase to the Orcish Mines.
  8048 | D:9      | Reached **** piety under Dithmenos
  8209 | D:9      | Noticed a two-headed ogre
  8221 | D:9      | Killed a two-headed ogre
  8222 | D:9      | Reached skill level 1 in Throwing
  8595 | D:9      | Noticed a kobold demonologist
  8600 | D:9      | Killed a kobold demonologist
  8601 | D:9      | Reached skill level 11 in Conjurations
  8601 | D:9      | Reached XP level 11. HP: 57/57 MP: 17/24
  8959 | D:8      | Bought a scroll of identify for 26 gold pieces
  8959 | D:8      | Bought a scroll of identify for 26 gold pieces
  8992 | Lair:1   | Entered Level 1 of the Lair of Beasts
  9173 | D:9      | Reached skill level 1 in Summonings
  9518 | Lair:1   | Learned a level 4 spell: Summon Lightning Spire
  9848 | Lair:1   | Reached skill level 5 in Air Magic
 10129 | Lair:1   | Found a runed translucent door.
 10135 | Lair:1   | Identified the +8 trident of the Fox {elec, rElec Will+}
 10137 | Lair:1   | Noticed SuperJoe's ghost (novice DjMo)
 10137 | Lair:1   | Noticed a spriggan rider
 10302 | Lair:1   | Reached ***** piety under Dithmenos
 10483 | Lair:1   | Reached skill level 5 in Translocations
 10896 | Lair:1   | Reached XP level 12. HP: 58/64 MP: 10/26
 11257 | Lair:1   | Identified the +0 quarterstaff of Fegyckel {drain, Int+6}
 11423 | Lair:2   | Noticed champdelmundo's ghost (journeyman GrEE)
 11489 | Lair:2   | Found a runed translucent gate.
 11489 | Lair:2   | Found a runed translucent gate.
 11489 | Lair:2   | Found a runed translucent gate.
 12426 | Lair:2   | Reached skill level 10 in Dodging
 12909 | Lair:3   | Reached skill level 10 in Spellcasting
 13007 | Lair:3   | Reached skill level 12 in Conjurations
 13026 | Lair:3   | Reached skill level 5 in Summonings
 13256 | Lair:3   | Found a hole to the Spider Nest.
 13645 | Lair:3   | Found a staircase to the Swamp.
 13647 | Lair:3   | Noticed a six-headed hydra
 14394 | Lair:3   | Killed a six-headed hydra
 14766 | Lair:4   | Noticed a death yak
 14766 | Lair:4   | Noticed a death yak
 14766 | Lair:4   | Noticed a death yak
 14766 | Lair:4   | Noticed a death yak
 14766 | Lair:4   | Noticed a death yak
 14830 | Lair:4   | Reached XP level 13. HP: 70/70 MP: 25/28
 14860 | Lair:4   | Found a gate leading to a gauntlet.
 14873 | Gauntlet | Entered a Gauntlet
 14873 | Gauntlet | Found a transporter.
 14880 | Gauntlet | Found a transporter.
 14882 | Gauntlet | Found a transporter.
 14897 | Gauntlet | Found a transporter.
 14899 | Gauntlet | Found a transporter.
 14907 | Gauntlet | Noticed a green death
 14914 | Gauntlet | Found a transporter.
 14925 | Gauntlet | Found a runed translucent gate.
 14926 | Gauntlet | Found a transporter.
 14926 | Gauntlet | Found a runed translucent gate.
 14927 | Gauntlet | Found a runed translucent gate.
 14936 | Gauntlet | Found a transporter.
 14944 | Gauntlet | Found a runed translucent door.
 14946 | Gauntlet | Found a transporter.
 14948 | Gauntlet | Found a runed translucent door.
 14960 | Gauntlet | Found a transporter.
 14969 | Gauntlet | Found a transporter.
 14971 | Gauntlet | Found a transporter.
 15062 | Gauntlet | Found a transporter.
 15062 | Gauntlet | Found a transporter.
 15442 | Gauntlet | Identified the +1 cloak of the Kraken {-Tele rElec rC+
                  | Will+ Slay+2}
 15726 | Gauntlet | Noticed a minotaur
 15746 | Gauntlet | Killed a minotaur
 15837 | Gauntlet | Identified the ring of Amorality {Wiz rPois Dex+2}
 15837 | Gauntlet | Identified the ring of Idiaseih {Ice Dex+2}
 16050 | Lair:4   | HP: 1/70 [death yak (69)]
 16050 | Lair:4   | Mangled by a death yak

Illustrated notes

Levels and vault maps discovered:
D:1:      shiori_arrival_maze, layout_rooms, serial_shops,
          nicolae_shop_tiny_glass, shapermc_ecumenical_altar_mp_vishouse,
          serial_park_tiny_2, grunt_decor_arrowhead, dreamdust_princess_bridge
D:2:      layout_rooms
D:3:      layout_basic
D:4:      layout_loops_cross, uniq_menkaure
D:5:      layout_loops_ring, serial_shops, kennysheep_little_box,
          minmay_increasing_density, uniq_edmund
D:6:      layout_basic, mainiacjoe_overflow_alcove_2, lemuel_blue_sif_altar
D:7:      layout_rooms, minmay_temple_entry_slanted, nrook_pool_corridor,
          uniq_pikel
D:8:      layout_rooms, serial_shops, nicolae_lakefront_shop,
          minmay_chambers_of_fives
D:9:      layout_layer_cave, hellmonk_lair_entry_icy, david_orc_2,
          patterned_corridor
Temple:   nicolae_temple_slightly_damp_pantheon
Lair:1:   layout_cave_pods, ebering_ghost_funeral_grove, serial_bayou_shore_a
Lair:2:   layout_cave_shapes, gammafunk_ghost_icy
Lair:3:   layout_chaotic_city, palyth_hydra_swamp_entry,
          spider_nest_entry_rubble, nicolae_quartered_pool_super,
          beast_lair_carwin_1
Lair:4:   layout_regular_city, gauntlet_entry_generic,
          grunt_forest_large_clearings, infiniplex_staircase_pool_2,
          lemuel_fruit_tree, lemuel_fruit_fields

Skill      XL: |  1  2  3  4  5  6  7  8  9 10 11 12 13 |
---------------+----------------------------------------+-----
Conjurations   | 6 7 8 9 10 11 12 | 12.1
Dodging        | 3 5 6 8 9 10 11 | 11.0
Spellcasting   | 3 4 5 6 8 9 10 11 | 11.1
Translocations | 1 2 3 4 5 |  5.3
Stealth        | 3 4 5 6 7 |  7.0
Fighting       | 1 2 3 |  3.9
Long Blades    | 2 3 |  3.6
Short Blades   | 1 2 3 |  3.1
Air Magic      | 4 5 7 |  7.9
Throwing       | 1 2 3 |  3.0
Summonings     | 4 5 |  5.2
Armour         | |  0.4
Shields        | |  0.7

Action                     |  1- 3 |  4- 6 |  7- 9 | 10-12 | 13-15 || total
---------------------------+-------+-------+-------+-------+-------++-------
  Melee: Dagger            |       |     3 |    24 |    63 |    20 ||   110
         Kick              |       |     1 |    11 |    42 |     7 ||    61
         Peck              |       |       |     5 |    24 |     5 ||    34
         Falchion          |       |       |    17 |    64 |     1 ||    82
         Punch             |       |       |       |     5 |       ||     5
  Throw: Javelin           |       |       |     2 |       |       ||     2
         Dart              |       |       |     1 |    38 |       ||    39
   Cast: Magic Dart        |    14 |     7 |    54 |    13 |       ||    88
         Searing Ray       |     3 |    10 |    73 |    81 |    11 ||   178
         Iskenderun's Myst |       |       |       |    58 |     5 ||    63
         Airstrike         |       |       |       |     9 |     4 ||    13
         Summon Lightning  |       |       |       |    11 |     6 ||    17
    Use: Scroll            |       |       |     7 |    16 |     1 ||    24
         Potion            |       |       |       |     1 |     5 ||     6
   Stab: Sleeping          |       |     1 |     9 |    10 |       ||    20
         Distracted        |       |       |       |     2 |       ||     2
 Armour: Robe              |     8 |     4 |    26 |   115 |    16 ||   169
         Leather armour    |       |       |       |       |     6 ||     6
  Dodge: Dodged            |     7 |    12 |   108 |   394 |    53 ||   574
